 Dungeon Crawl Stone Soup version 0.31-a0-632-g766dd24fdf (webtiles) character file.

Game seed: 12843264829533271702

800 Joey1 the Cleaver (level 7, -1/61 HPs)
             Began as a Hill Orc Fighter on Aug 25, 2023.
             Slain by a gnoll
             ... wielding a +0 club
              (2 damage)
             ... on level 6 of the Dungeon.
             The game lasted 00:08:34 (3586 turns).

Joey1 the Cleaver (Hill Orc Fighter)                Turns: 3586, Time: 00:08:35

Health: -1/61      AC:  9    Str: 27    XL:     7   Next: 90%
Magic:  7/7        EV: 10    Int:  8    God:
Gold:   185        SH:  4    Dex: 10    Spells: 6/6 levels left

rFire   . . .        a - +0 war axe
rCold   . . .        c - +0 buckler
rNeg    . . .        b - +0 scale mail
rPois   .            (no helmet)
rElec   .            t - +0 cloak
rCorr   .            e - +0 pair of gloves
SInv    .            (no boots)
Will    .....        (no amulet) Stlth
                     h - +6 ring of strength
HPRegen 0.30/turn    (no ring)
MPRegen 0.10/turn

%: no passive effects
@: no status effects
A: no striking features
a: no special abilities


You were on level 6 of the Dungeon.
You visited 1 branch of the dungeon, and saw 6 of its levels.

You collected 185 gold pieces.

Inventory:

Hand Weapons
 a - a +0 war axe (weapon)
Missiles
 o - a throwing net
Armour
 b - a +0 scale mail (worn)
 c - a +0 buckler (worn)
 e - a +0 pair of gloves (worn)
 t - a +0 cloak (worn)
Jewellery
 h - a +6 ring of strength (left hand)
 u - an amulet of faith
Wands
 n - a wand of light (18)
 s - a wand of paralysis (15)
Scrolls
 f - 4 scrolls of teleportation {unknown}
 j - 2 scrolls of poison {unknown}
 k - 2 scrolls of fear {unknown}
 m - a scroll of revelation {unknown}
 q - a scroll of amnesia {unknown}
 v - 2 scrolls of identify {unknown}
Potions
 d - a potion of might
 g - a potion of mutation {unknown}
 i - 2 potions of heal wounds {unknown}
 l - a potion of invisibility {unknown}
 p - a potion of curing {unknown}
 r - a potion of brilliance {unknown}
 w - a potion of degeneration {unknown}


   Skills:
 + Level 5.4 Fighting
 + Level 9.2 Axes
 - Level 4.0 Armour
 - Level 2.0 Dodging
 - Level 4.0 Shields


You had 6 spell levels left.
You didn't know any spells.
Your spell library was empty.

Dungeon Overview and Level Annotations

Branches:
Dungeon (6/15)
 Temple: D:4-7

Altars:
Wu Jian

Portals:
Abyss: D:3

Annotations:
D:3 2 transporters, jlumianski's ghost, novice DjFE


Message History

The hound bites you but does no damage. The gnoll hits you with a +0 club.
* * * LOW HITPOINT WARNING * * *
The gnoll hits you but does no damage. The hound closely misses you.
You slash the gnoll!
You kill the gnoll!
You hit the gnoll but do no damage. You slash the gnoll!
You barely miss the hound. The gnoll barely misses you.
The gnoll closely misses you. The hound closely misses you.
You slash the gnoll!
The gnoll is almost dead.
You closely miss the gnoll. x2; You miss the hound.
The hound barely misses you. The gnoll closely misses you.
You block the gnoll's attack. The gnoll closely misses you.
The hound bites you but does no damage.
You closely miss the gnoll.
The gnoll is almost dead.
You barely miss the gnoll. You hit the gnoll. You closely miss the hound.
The gnoll hits you with a +0 club.
* * * LOW HITPOINT WARNING * * *
The gnoll misses you. You block the gnoll's attack.
The hound closely misses you.
You hit the gnoll but do no damage.
The gnoll is almost dead.
You hit the hound but do no damage. You hit the gnoll. x2
The hound closely misses you.
The gnoll hits you but does no damage. x3
The hound closely misses you.
You slash the gnoll!
You kill the gnoll!
You hit the hound.
You kill the hound!
You hit the gnoll. You barely miss the gnoll.
Your attacks no longer feel as feeble.
The gnoll hits you with a +0 flail.
* * * LOW HITPOINT WARNING * * *
The gnoll hits you with a +0 club.
* * * LOW HITPOINT WARNING * * *
You closely miss the gnoll.
The gnoll is moderately wounded.
You slash the gnoll! You block the gnoll's attack.
The gnoll hits you with a +0 club.
You die...

#.##.........
...........
.........
....$.. .....##
. #.....#...
###.).......
#..g@)......
......g........
.............##
...............
###############


You could see 2 gnolls.

Vanquished Creatures
  Eustachio (D:4)
  A black bear (D:5)
  A scorpion (D:4)
  A gnoll bouda (D:5)
  5 hounds
  Jessica (D:3)
  2 iguanas
  An orc wizard (D:3)
  9 gnolls
  3 adders
  An ufetubus (D:4)
  A worm (D:2)
  2 dart slugs
  13 orcs
  8 ball pythons
  6 endoplasms
  A giant cockroach (D:1)
  8 hobgoblins
  8 kobolds
  2 quokkas
  7 bats
  6 frilled lizards
  11 goblins
  6 rats
105 creatures vanquished.

Notes
Turn   | Place    | Note
-------+----------+-------------------------------------------
     0 | D:1      | Joey1 the Hill Orc Fighter began the quest for the Orb.
     0 | D:1      | Reached XP level 1. HP: 19/19 MP: 1/1
    81 | D:1      | Reached XP level 2. HP: 23/27 MP: 2/2
    84 | D:1      | Reached skill level 3 in Axes
   120 | D:1      | Found a faded altar of an unknown god.
   374 | D:1      | Reached XP level 3. HP: 20/33 MP: 3/3
   471 | D:2      | Identified the +3 short sword "Detsus" {heavy, rElec rC+
                  | Will- Dex+3}
   529 | D:2      | Reached skill level 1 in Dodging
  1044 | D:3      | Found a transporter.
  1046 | D:3      | Found a transporter.
  1053 | D:3      | Noticed a small abomination
  1056 | D:3      | Noticed a small abomination
  1065 | D:3      | Noticed a small abomination
  1066 | D:3      | Noticed Jessica
  1082 | D:3      | Killed Jessica
  1083 | D:3      | Reached XP level 4. HP: 8/40 MP: 4/4
  1323 | D:3      | Reached skill level 4 in Axes
  1401 | D:3      | Found a one-way gate to the infinite horrors of the Abyss.
  1401 | D:3      | Noticed jlumianski's ghost (novice DjFE)
  1566 | D:3      | Reached XP level 5. HP: 28/47 MP: 5/5
  1910 | D:4      | Reached skill level 5 in Fighting
  1918 | D:4      | Reached skill level 5 in Axes
  1957 | D:4      | Reached XP level 6. HP: 26/56 MP: 6/6
  2438 | D:4      | Noticed Eustachio
  2538 | D:4      | Found an ornate altar of the Wu Jian Council.
  2544 | D:4      | Reached skill level 6 in Axes
  3112 | D:4      | Killed Eustachio
  3113 | D:4      | Reached skill level 7 in Axes
  3113 | D:4      | Reached XP level 7. HP: 45/61 MP: 7/7
  3307 | D:5      | Entered Level 5 of the Dungeon
  3431 | D:5      | Reached skill level 8 in Axes
  3512 | D:5      | Reached skill level 9 in Axes
  3585 | D:6      | HP: 1/61 [gnoll/+0 club (4)]
  3586 | D:6      | Slain by a gnoll

Illustrated notes

Levels and vault maps discovered:
D:1:      dpeg_arrival_rooms_c, layout_rooms, ebering_ecumenical_altar_petrified
D:2:      layout_basic
D:3:      layout_basic, gammafunk_ghost_abyssal_escape, uniq_jessica
D:4:      kennysheep_the_goblin_king, layout_loops_corners,
          mainiacjoe_overflow_catwalk, st_stairs_13, dk_noncrumbling_4,
          uniq_eustachio
D:5:      layout_rooms, minmay_temple_entry_drinking_statues
D:6:      wad_lake_hut, layout_cave_pools, lemuel_crystal_altar,
          uniq_blork_the_orc, uniq_sigmund, uniq_maggie

Skill      XL: |  1  2  3  4  5  6  7 |
---------------+----------------------+-----
Axes           | 3 4 5 7 9 |  9.2
Fighting       | 4 5 |  5.4
Dodging        | 1 2 |  2.0
Shields        | 4 |  4.0
Armour         | 4 |  4.0

Action                     |  1- 3 |  4- 6 |  7- 9 || total
---------------------------+-------+-------+-------++-------
  Melee: War axe           |   115 |   151 |    39 ||   305
 Armour: Scale mail        |    60 |    76 |    39 ||   175
  Dodge: Dodged            |    58 |    89 |    50 ||   197
  Block: Buckler           |    20 |    33 |    21 ||    74

Table legend: (Time is in decaauts)
 A = Elapsed time spent in this place.
 B = Non-inter-level travel time spent in this place.
 C = Inter-level travel time spent in this place.
 D = Time resting spent in this place.
 E = Time spent auto-exploring this place.
 F = Levels seen in this place.
 G = Mean time per level.
                   A        B        C        D        E       F      G
               +--------+--------+--------+--------+--------+-----+--------+
         Total |   3670 |   3424 |    246 |    251 |   2398 |   6 |  611.7 |
       Dungeon |   3670 |   3424 |    246 |    251 |   2398 |   6 |  611.7 |
               +--------+--------+--------+--------+--------+-----+--------+

Top non-repeatable levels by time:
     D:4: 1428 daAuts
     D:3: 1011 daAuts
     D:1: 478 daAuts
     D:2: 469 daAuts
     D:5: 274 daAuts
     D:6: 8 daAuts
